 Dungeon Crawl Stone Soup version 0.28.0-1-gb440e238dd (webtiles) character file.

Game seed: 17718441660115686370

26 MacCMillion the Covered (level 3, -3/23 HPs)
             Began as a Gargoyle Fighter on Feb 24, 2022.
             Slain by a kobold (6 damage)
             ... on level 1 of the Dungeon.
             The game lasted 00:02:10 (1060 turns).

MacCMillion the Covered (Gargoyle Fighter)          Turns: 1060, Time: 00:02:10

Health: -3/23      AC: 10    Str: 21    XL:     3   Next: 8%
Magic:  3/3        EV:  9    Int:  8    God:
Gold:   17         SH:  4    Dex:  9    Spells: 2/2 levels left

rFire   . . .      SeeInvis .   a - +0 flail
rCold   . . .      Faith    .   c - +0 buckler
rNeg    + . .      Spirit   .   b - +0 scale mail
rPois   ∞          Reflect  .   (no helmet)
rElec   +          Harm     .   (no cloak)
rCorr   .          Rampage  .   (no gloves)
Will    .....                   (no boots)
Stlth   ..........              (no amulet)
HPRegen 0.07/turn               (no ring)
MPRegen 0.08/turn               (no ring)

@: no status effects
A: sickness immunity, AC +3, negative energy resistance 1, electricity
resistance, torment resistance 1, petrification resistance
a: no special abilities


You were on level 1 of the Dungeon.
You visited 1 branch of the dungeon, and saw 1 of its levels.

You collected 17 gold pieces.

Inventory:

Hand Weapons
 a - a +0 flail (weapon)
Armour
 b - a +0 scale mail (worn)
 c - a +0 buckler (worn)
Scrolls
 e - 2 scrolls of identify {unknown}
 g - 3 scrolls of enchant weapon {unknown}
Potions
 d - a potion of might
 f - a potion of flight {unknown}


   Skills:
 + Level 3.5 Fighting
 * Level 2.6 Maces & Flails
 + Level 3.5 Armour
 + Level 3.5 Shields


You had 2 spell levels left.
You didn't know any spells.
Your spell library contained the following spells:

 Spells                   Type           Power      Damage    Failure   Level
 Summon Lightning Spire   Summ/Air       0%         N/A       100%        4
 Storm Form               Tmut/Air       0%         N/A       100%        7
 Maxwell's Capacitive Co  Air            0%         ∞         100%        8


Dungeon Overview and Level Annotations

Branches:
Dungeon (1/15)

Altars:


Innate Abilities, Weirdness & Mutations

You are immune to sickness and miasma.
Your stone body is resilient. (AC +3)
You are immune to poison.
You resist negative energy. (rN+)
You are resistant to electric shocks. (rElec)
You are resistant to unholy torment.
You are immune to petrification.


Message History

You now have 17 gold pieces.
Found a stone staircase leading down.
Found a mace.
You open the door. You open the door.
A kobold comes into view. It is wielding a +0 short sword.
The kobold shouts!
A kobold is nearby!
The kobold throws a stone.
The stone hits you but does no damage.
There is an open door here.
The kobold misses you.
You barely miss the kobold. The kobold hits you but does no damage.
You barely miss the kobold.
The kobold hits you but does no damage. x2
You closely miss the kobold. The kobold hits you but does no damage.
You closely miss the kobold. The kobold misses you.
You barely miss the kobold. The kobold closely misses you.
You closely miss the kobold. The kobold barely misses you.
The kobold hits you but does no damage.
You thump the kobold!
You kill the kobold!
No target in view!
Things that are here:
a +0 short sword; 5 stones; a kobold corpse You see here a +0 mace.
You open the door.
There is an open door here.
A kobold comes into view.
It is wielding a +0 short sword of distortion.
The kobold shouts!
You block the kobold's attack.
You miss the kobold.
The kobold hits you with a +0 short sword of distortion.
Space warps horribly around you!!
Ouch! That really hurt!
* * * LOW HITPOINT WARNING * * *
You are too injured to fight recklessly!
You are too injured to fight recklessly!
You are too injured to fight recklessly!
You closely miss the kobold. The kobold hits you but does no damage.
Space warps around you.
You die...

##'########..#.###....####.....
#.###.....#.#.##..####........
#................##.......####
#####.....##..####.....####...
########..###....###......
#######†....##....##.....###
#.........#.##...##....###..
#.........#.#....#....##....
#.........#@#...##...##...##
#........##K#...#....#...##.
#........+..#...#....#...##.
#........##.#...#....#...##.
#........##.#...##...##...##
#........##.#....#....##....
#........##.##...##..(.###..
###########..#....##.....###
##....###......


You could see a kobold.

Vanquished Creatures
  A dart slug (D:1)
  4 endoplasms (D:1)
  A giant cockroach (D:1)
  3 goblins (D:1)
  A hobgoblin (D:1)
  2 kobolds (D:1)
  A quokka (D:1)
  4 ball pythons (D:1)
  A bat (D:1)
  2 frilled lizards (D:1)
  A rat (D:1)
21 creatures vanquished.

Notes
Turn   | Place    | Note
-------+----------+-------------------------------------------
     0 | D:1      | MacCMillion the Gargoyle Fighter began the quest for the
                  | Orb.
     0 | D:1      | Reached XP level 1. HP: 14/14 MP: 1/1
   238 | D:1      | Reached XP level 2. HP: 19/19 MP: 2/2
   961 | D:1      | Reached XP level 3. HP: 21/23 MP: 3/3
  1060 | D:1      | Slain by a kobold

Illustrated notes

Levels and vault maps discovered:
D:1:      dpeg_arrival_circle_labyrinth_a, layout_basic,
          ebering_ecumenical_altar_petrified

Action                   || total
-------------------------++-------
Melee: Flail             ||    64
Armor: Scale mail        ||    34
Dodge: Dodged            ||    32
Block: Buckler           ||    10
